[Event "ICC tourney 3218 (30 10)"]
[Site "Internet Chess Club"]
[Date "2023.06.17"]
[Round "1"]
[White "Mannava, Nirvika:nirvimannava"]
[Black "POWER, SEAN K:KnightHopper"]
[Result "0-1"]
[ICCResult "White checkmated"]
[WhiteElo "365"]
[BlackElo "1944"]
[Opening "Sicilian"]
[ECO "B50"]
[NIC "SI.01"]
[Time "12:00:24"]
[PlyCount "62"]
[TimeControl "1800+10"]

1. e4 c5 2. Nf3 d6 3. Bc4 Nf6 4. Ng5 e6 5. O-O h6 6. Nxf7 Kxf7 7. Nc3 Nc6 8.
e5 Nxe5 9. Ne4 Nxe4 10. Bd3 Nxd3 11. cxd3 Nf6 12. Qe2 Bd7 13. Re1 Qe8 14. b4
cxb4 15. Bb2 Bc6 16. Bxf6 gxf6 17. Qh5+ Ke7 18. Qxe8+ Rxe8 19. Re2 Rg8 20.
h3 Rxg2+ 21. Kh1 Rxf2+ 22. Re4 f5 23. Kg1 Rxd2 24. Rxb4 Bg7 25. Re1 Bc3 26.
Rc4 Rg8+ 27. Kf1 Bg2+ 28. Kg1 Bd5+ 29. Kf1 Bxc4 30. Re4 Bxd3+ 31. Ke1 Rg1#
{White checkmated}
0-1

[Event "ICC tourney 3218 (30 10)"]
[Site "Internet Chess Club"]
[Date "2023.06.17"]
[Round "1"]
[White "YU, VINCENT ZHIWEN:vincentyu"]
[Black "HO, CARTER:corviknight"]
[Result "0-1"]
[ICCResult "White checkmated"]
[WhiteElo "1615"]
[BlackElo "2115"]
[Opening "Sicilian: Pelikan, Chelyabinsk variation"]
[ECO "B41"]
[NIC "SI.37"]
[Time "12:01:12"]
[PlyCount "68"]
[TimeControl "1800+10"]

1. e4 c5 2. Nf3 e6 3. d4 cxd4 4. Nxd4 Nf6 5. Nc3 Nc6 6. Ndb5 d6 7. Bf4 e5 8.
Bg5 a6 9. Na3 b5 10. Nd5 Be7 11. Bxf6 Bxf6 12. c3 O-O 13. Nc2 Bg5 14. h4 Bh6
15. g4 Bf4 16. Nce3 Be6 17. Qf3 Bxe3 18. Nxe3 b4 19. c4 Nd4 20. Qd1 b3 21.
axb3 Qb6 22. Ra3 Qb4+ 23. Qd2 Nf3+ 24. Ke2 Nxd2 25. Bg2 Nxb3 26. Kf3 Nd2+
27. Kg3 Qxb2 28. Rha1 Nxc4 29. Nxc4 Bxc4 30. f3 h5 31. Bh3 Rfb8 32. gxh5 Qd2
33. Bg4 Rb2 34. Rg1 Qh2# {White checkmated} 0-1

[Event "ICC tourney 3218 (30 10)"]
[Site "Internet Chess Club"]
[Date "2023.06.17"]
[Round "1"]
[White "LIANG, YU-CHENG:Yucheng"]
[Black "JAIN, KANISHK:kanishkj"]
[Result "1-0"]
[ICCResult "Black resigns"]
[WhiteElo "2197"]
[BlackElo "1665"]
[Opening "QGD: 4.Bg5 Be7"]
[ECO "D53"]
[NIC "QO.13"]
[Time "12:04:02"]
[PlyCount "53"]
[TimeControl "1800+10"]

1. d4 e6 2. c4 d5 3. Nc3 Nf6 4. Bg5 Be7 5. Nf3 c5 6. cxd5 exd5 7. e3 Be6 8.
dxc5 O-O 9. Bb5 Nc6 10. O-O Bxc5 11. Rc1 Bb6 12. Na4 Rc8 13. Bxf6 Qxf6 14.
Nxb6 axb6 15. Nd4 Ne5 16. Nxe6 fxe6 17. Rxc8 Rxc8 18. Qd4 Rc2 19. Qxb6 Ng4
20. Qxb7 Rxf2 21. Qc8+ Qf8 22. Qxe6+ Kh8 23. Qxg4 Rxf1+ 24. Bxf1 Qe8 25. Qd4
h6 26. a4 Qd8 27. b4 {Black resigns} 1-0

[Event "ICC tourney 3218 (30 10)"]
[Site "Internet Chess Club"]
[Date "2023.06.17"]
[Round "1"]
[White "MARKOVIC, GORAN:Goran21"]
[Black "SKARIAH, ANUSHKA ELIZABETH:kskariah"]
[Result "1-0"]
[ICCResult "Black checkmated"]
[WhiteElo "2049"]
[BlackElo "1596"]
[Opening "French: Steinitz variation"]
[ECO "C11"]
[NIC "FR.04"]
[Time "12:00:20"]
[PlyCount "111"]
[TimeControl "1800+10"]

1. e4 e6 2. Nc3 d5 3. d4 Nf6 4. e5 Nfd7 5. Nce2 c5 6. c3 Nc6 7. Nf3 Qb6 8.
a3 a5 9. h4 Be7 10. Nf4 O-O 11. Bd3 f5 12. Nxe6 Rf7 13. Nf4 cxd4 14. e6 Rf8
15. exd7 Bxd7 16. O-O Qc5 17. cxd4 Nxd4 18. Nxd4 Qxd4 19. Be3 Qe5 20. g3 Bc6
21. Re1 Qd6 22. Bd4 Rae8 23. Rc1 Bxh4 24. Rxe8 Bxe8 25. Bc5 Qe5 26. Bxf8
Kxf8 27. Qe1 Qxe1+ 28. Rxe1 Bf6 29. Re2 Bc6 30. Bxf5 g6 31. Bh3 Kf7 32. Be6+
Kf8 33. Bxd5 Bxd5 34. Nxd5 Bg7 35. a4 h6 36. b3 g5 37. Re7 b6 38. Rb7 Bd4
39. Nxb6 Bxb6 40. Rxb6 h5 41. Rb5 h4 42. Rxg5 hxg3 43. fxg3 Kf7 44. Rxa5 Ke6
45. Rb5 Kf6 46. Kf2 Kf7 47. Ke3 Ke6 48. Kd4 Kf6 49. Kc4 Kf7 50. a5 Ke6 51.
a6 Kf6 52. a7 Kf7 53. a8=Q Ke7 54. Qa6 Kd8 55. Rb7 Kc8 56. Qa8#
{Black checkmated}
1-0

[Event "ICC tourney 3218 (30 10)"]
[Site "Internet Chess Club"]
[Date "2023.06.17"]
[Round "1"]
[White "GUSEINOV, GADIR:GGuseinov"]
[Black "OPASKA, MICHAEL:mopaska1106"]
[Result "1-0"]
[ICCResult "Black checkmated"]
[WhiteElo "2711"]
[BlackElo "1943"]
[Opening "Caro-Kann: Tartakower (Nimzovich) variation"]
[ECO "B15"]
[NIC "CK.06"]
[Time "12:01:12"]
[PlyCount "29"]
[TimeControl "1800+10"]

1. e4 c6 2. d4 d5 3. Nd2 dxe4 4. Nxe4 Nf6 5. Nxf6+ exf6 6. Bd3 Bd6 7. Qh5 h6
8. Ne2 O-O 9. Bxh6 gxh6 10. Qxh6 Bf5 11. O-O-O Bg6 12. Bxg6 fxg6 13. Qxg6+
Kh8 14. Rd3 Qe8 15. Rh3# {Black checkmated} 1-0

[Event "ICC tourney 3218 (30 10)"]
[Site "Internet Chess Club"]
[Date "2023.06.17"]
[Round "1"]
[White "Cheng, Samuel:Samuel1001"]
[Black "HO, COOPER:arsenicblast"]
[Result "0-1"]
[ICCResult "White checkmated"]
[WhiteElo "1750"]
[BlackElo "2212"]
[Opening "QGD: semi-Slav, Noteboom variation"]
[ECO "D31"]
[NIC "SL.06"]
[Time "12:00:20"]
[PlyCount "74"]
[TimeControl "1800+10"]

1. d4 d5 2. c4 e6 3. Nc3 c6 4. Nf3 dxc4 5. a4 Bb4 6. e3 b5 7. axb5 cxb5 8.
Be2 Bb7 9. O-O a6 10. Qc2 Nf6 11. Rd1 O-O 12. Ne5 Nbd7 13. f4 Qb6 14. Rf1
Rac8 15. Bf3 Bxf3 16. Rxf3 Qb7 17. Rh3 g6 18. Qe2 Be7 19. g4 b4 20. Na4 Nxe5
21. dxe5 Ne4 22. f5 Ng5 23. Rg3 f6 24. h4 Ne4 25. Rg2 fxe5 26. fxg6 hxg6 27.
g5 Rf5 28. Qg4 Rcf8 29. h5 Nxg5 30. Bd2 Nf3+ 31. Kh1 Rg5 32. Qxe6+ Kh8 33.
Qxg6 Rxg6 34. hxg6 Kg7 35. Be1 Rh8+ 36. Bh4 Rxh4+ 37. Rh2 Rxh2#
{White checkmated}
0-1

[Event "ICC tourney 3218 (30 10)"]
[Site "Internet Chess Club"]
[Date "2023.06.17"]
[Round "1"]
[White "JIMENEZ, LUIS A:eltuna"]
[Black "Belous, Vladimir:Openyagami"]
[Result "0-1"]
[ICCResult "White resigns"]
[WhiteElo "1857"]
[BlackElo "2594"]
[Opening "Sicilian: Nimzovich-Rossolimo attack (with ...g6, without ...d6)"]
[ECO "B31"]
[NIC "SI.31"]
[Time "12:00:23"]
[PlyCount "70"]
[TimeControl "1800+10"]

1. e4 c5 2. Nf3 Nc6 3. Bb5 g6 4. Bxc6 dxc6 5. d3 Bg7 6. h3 Nh6 7. Nc3 f6 8.
Be3 b6 9. Qd2 Nf7 10. O-O e5 11. Nh2 O-O 12. f4 exf4 13. Bxf4 Be6 14. Nf3
Qd7 15. Rad1 f5 16. b3 h6 17. exf5 Bxf5 18. Ne2 g5 19. Bh2 Rae8 20. Ng3 Bg6
21. Rde1 Qd5 22. Qd1 Bc3 23. Rxe8 Rxe8 24. Nd2 Nd6 25. Nc4 Nxc4 26. bxc4 Qe6
27. Qf3 Qe3+ 28. Kh1 Qxf3 29. Rxf3 b5 30. cxb5 cxb5 31. Bg1 Re1 32. Kh2 Be5
33. Kh1 Rc1 34. Nf5 Bxf5 35. Rxf5 Bd4 {White resigns} 0-1

[Event "ICC tourney 3218 (30 10)"]
[Site "Internet Chess Club"]
[Date "2023.06.17"]
[Round "1"]
[White "JIANG, ANDREW:andrewjiang2"]
[Black "GHOSH, YOHAN:luckylion"]
[Result "1-0"]
[ICCResult "Black resigns"]
[WhiteElo "2286"]
[BlackElo "1848"]
[Opening "Sicilian: Alapin's variation (2.c3)"]
[ECO "B22"]
[NIC "SI.46"]
[Time "12:00:32"]
[PlyCount "61"]
[TimeControl "1800+10"]

1. e4 c5 2. c3 Nf6 3. e5 Nd5 4. Nf3 d6 5. Bb5+ Bd7 6. Bc4 Nb6 7. Bb3 c4 8.
Bc2 dxe5 9. Nxe5 Qc7 10. Nxd7 N8xd7 11. d4 cxd3 12. Qxd3 O-O-O 13. O-O e6
14. a4 Nf6 15. Qf3 Bd6 16. h3 Nc4 17. b4 h5 18. Bg5 Ne5 19. Qe3 Nfg4 20.
Bxd8 Qxd8 21. Qxa7 Nf3+ 22. Kh1 Qg5 23. Be4 Qf4 24. Bxb7+ Kd8 25. g3 Qf5 26.
Qa5+ Qxa5 27. bxa5 Nfh2 28. hxg4 hxg4 29. Kg2 Nxf1 30. Kxf1 Rh1+ 31. Bxh1
{Black resigns}
1-0

[Event "ICC tourney 3218 (30 10)"]
[Site "Internet Chess Club"]
[Date "2023.06.17"]
[Round "1"]
[White "Ledas, Armandas:ArmandasLedas"]
[Black "Pendse, Vihaan:awakeprize"]
[Result "1-0"]
[ICCResult "Black resigns"]
[WhiteElo "1561"]
[BlackElo "2007"]
[Opening "Sicilian: closed"]
[ECO "B23"]
[NIC "SI.44"]
[Time "12:00:48"]
[PlyCount "47"]
[TimeControl "1800+10"]

1. e4 c5 2. Nc3 d6 3. f4 Nc6 4. Nf3 g6 5. Bc4 Bg7 6. O-O e6 7. d3 Nge7 8.
Qe1 O-O 9. f5 d5 10. Bb3 d4 11. Ne2 exf5 12. Qh4 Ne5 13. Bg5 Re8 14. Nf4 Qc7
15. Bf6 Nxf3+ 16. Rxf3 fxe4 17. dxe4 c4 18. Bxg7 Kxg7 19. Nh5+ Kf8 20. Rxf7+
Kg8 21. Rg7+ Kh8 22. Qf6 Ng8 23. Rxc7+ Nxf6 24. Nxf6 {Black resigns} 1-0

[Event "ICC tourney 3218 (30 10)"]
[Site "Internet Chess Club"]
[Date "2023.06.17"]
[Round "1"]
[White "Feng, Jay:TheDeadlyPawn"]
[Black "MENON, ROHAN Dileep:KIDFIRE"]
[Result "0-1"]
[ICCResult "White resigns"]
[WhiteElo "1973"]
[BlackElo "1512"]
[Opening "Caro-Kann: exchange, Rubinstein variation"]
[ECO "B13"]
[NIC "CK.02"]
[Time "12:00:17"]
[PlyCount "86"]
[TimeControl "1800+10"]

1. e4 c6 2. d4 d5 3. exd5 cxd5 4. Bd3 Nc6 5. c3 Nf6 6. Bf4 Bg4 7. Qb3 Qd7 8.
Nd2 e6 9. Ngf3 Bd6 10. Bxd6 Qxd6 11. O-O O-O 12. Rfe1 a5 13. a4 Rfe8 14. Ne5
Bh5 15. Qc2 Rac8 16. Nxc6 bxc6 17. Nb3 Ra8 18. Re3 e5 19. dxe5 Rxe5 20. Rae1
Rae8 21. Rxe5 Rxe5 22. Rxe5 Qxe5 23. Qd2 Ng4 24. f4 Qc7 25. h3 Qb6+ 26. Nd4
Nf6 27. Qe3 Qxb2 28. g4 Qa1+ 29. Kg2 Bg6 30. f5 Qxc3 31. fxg6 hxg6 32. Ne2
Qb3 33. Qd4 c5 34. Qc3 Qxa4 35. Qxc5 Qd1 36. Qc3 a4 37. Nd4 Ne4 38. Qc2 Qa1
39. Bxe4 Qxd4 40. Bf3 a3 41. Qa2 Qb2+ 42. Qxb2 axb2 43. Bxd5 b1=Q
{White resigns}
0-1

[Event "ICC tourney 3218 (30 10)"]
[Site "Internet Chess Club"]
[Date "2023.06.17"]
[Round "2"]
[White "GHOSH, YOHAN:luckylion"]
[Black "Mannava, Nirvika:nirvimannava"]
[Result "1-0"]
[ICCResult "Black checkmated"]
[WhiteElo "1848"]
[BlackElo "365"]
[Opening "Petrov: Damiano variation"]
[ECO "C42"]
[NIC "RG.03"]
[Time "14:00:18"]
[PlyCount "91"]
[TimeControl "1800+10"]

1. e4 e5 2. Nf3 Nf6 3. Nxe5 Nxe4 4. Qe2 d6 5. Qxe4 dxe5 6. Qxe5+ Be7 7. Qxg7
Bf6 8. Qg3 Nc6 9. Bb5 a6 10. Bxc6+ bxc6 11. Nc3 Bxc3 12. bxc3 Be6 13. Ba3 c5
14. Qg7 Rf8 15. Bxc5 Kd7 16. Qxf8 Qxf8 17. Bxf8 Rxf8 18. O-O Rb8 19. Rab1
Rxb1 20. Rxb1 Bxa2 21. Ra1 Bc4 22. d3 Bd5 23. Rxa6 Bb3 24. cxb3 c5 25. Rh6
f5 26. Rxh7+ Ke6 27. Rh5 c4 28. Rxf5 Kxf5 29. dxc4 Ke5 30. b4 Kd6 31. c5+
Kc7 32. b5 Kc8 33. f4 Kc7 34. f5 Kd8 35. f6 Ke8 36. c6 Kd8 37. f7 Ke7 38.
f8=Q+ Kxf8 39. c7 Ke7 40. c8=Q Kd6 41. Qc6+ Ke5 42. b6 Kf4 43. b7 Ke3 44.
b8=Q Kd3 45. Qbd6+ Ke3 46. Qf3# {Black checkmated} 1-0

[Event "ICC tourney 3218 (30 10)"]
[Site "Internet Chess Club"]
[Date "2023.06.17"]
[Round "2"]
[White "Belous, Vladimir:Openyagami"]
[Black "MARKOVIC, GORAN:Goran21"]
[Result "1-0"]
[ICCResult "Black resigns"]
[WhiteElo "2594"]
[BlackElo "2049"]
[Opening "King's Indian: Makagonov system (5.h3)"]
[ECO "E71"]
[NIC "KI.30"]
[Time "14:00:16"]
[PlyCount "71"]
[TimeControl "1800+10"]

1. c4 Nf6 2. Nc3 g6 3. e4 d6 4. d4 Bg7 5. h3 O-O 6. Be3 c6 7. Bd3 a6 8. Nf3
b5 9. c5 Nfd7 10. cxd6 exd6 11. Bf4 Nb6 12. O-O Bb7 13. a4 b4 14. a5 bxc3
15. axb6 cxb2 16. Rb1 c5 17. Rxb2 Re8 18. Qb3 h6 19. Bc4 Qd7 20. dxc5 Nc6
21. Ra2 dxc5 22. Rd1 Nd4 23. Nxd4 cxd4 24. Bd5 Red8 25. Bc7 Bxd5 26. exd5
Re8 27. d6 Be5 28. b7 Rab8 29. Rxa6 Bxd6 30. Bxd6 Rxb7 31. Qd3 Qe6 32. Bf4
Qb3 33. Rxg6+ fxg6 34. Qxg6+ Kf8 35. Bxh6+ Ke7 36. Re1+ {Black resigns} 1-0

[Event "ICC tourney 3218 (30 10)"]
[Site "Internet Chess Club"]
[Date "2023.06.17"]
[Round "2"]
[White "HO, CARTER:corviknight"]
[Black "GUSEINOV, GADIR:GGuseinov"]
[Result "0-1"]
[ICCResult "White resigns"]
[WhiteElo "2115"]
[BlackElo "2711"]
[Opening "Sicilian: accelerated fianchetto, modern variation"]
[ECO "B34"]
[NIC "SI.33"]
[Time "14:00:16"]
[PlyCount "68"]
[TimeControl "1800+10"]

1. e4 c5 2. Nf3 g6 3. d4 cxd4 4. Nxd4 Nc6 5. Nc3 Bg7 6. Be3 Nf6 7. f3 O-O 8.
Bc4 Qb6 9. Bb3 Nxe4 10. Nd5 Qa5+ 11. c3 Nc5 12. Nxc6 dxc6 13. Nxe7+ Kh8 14.
Nxc8 Raxc8 15. O-O Rfe8 16. Bd4 Rcd8 17. Bxf7 Re7 18. Bb3 Bxd4+ 19. cxd4 Qb4
20. d5 cxd5 21. a3 Qf4 22. Ba2 d4 23. Re1 Rxe1+ 24. Qxe1 Nd3 25. Qe7 Qe3+
26. Qxe3 dxe3 27. Kf1 Re8 28. Ke2 Nf4+ 29. Ke1 e2 30. Kd2 Nxg2 31. Re1 Rd8+
32. Kxe2 Re8+ 33. Kf2 Nxe1 34. Bf7 Re7 {White resigns} 0-1

[Event "ICC tourney 3218 (30 10)"]
[Site "Internet Chess Club"]
[Date "2023.06.17"]
[Round "2"]
[White "OPASKA, MICHAEL:mopaska1106"]
[Black "YU, VINCENT ZHIWEN:vincentyu"]
[Result "1/2-1/2"]
[ICCResult "Game drawn by repetition"]
[WhiteElo "1943"]
[BlackElo "1615"]
[Opening "Nimzo-Indian: 4.e3, main line with ...c5"]
[ECO "E53"]
[NIC "NI.06"]
[Time "14:00:18"]
[PlyCount "63"]
[TimeControl "1800+10"]

1. d4 Nf6 2. c4 e6 3. Nc3 Bb4 4. e3 O-O 5. Bd3 d5 6. Nf3 c5 7. cxd5 Nxd5 8.
O-O h6 9. Nxd5 Qxd5 10. a3 Ba5 11. e4 Qd8 12. dxc5 Bc7 13. Be3 Bd7 14. Qc2
Bc6 15. Rfd1 Qe7 16. b4 a6 17. a4 f5 18. exf5 Bxf3 19. gxf3 Qh4 20. f4 Qg4+
21. Kh1 Qf3+ 22. Kg1 Qg4+ 23. Kf1 Bxf4 24. Bxf4 Qxf4 25. Qc4 Qxh2 26. Qxe6+
Kh8 27. f6 Qh1+ 28. Ke2 Qh5+ 29. Kf1 Qh1+ 30. Ke2 Qh5+ 31. Kf1 Qh1+ 32. Ke2
{Game drawn by repetition}
1/2-1/2

[Event "ICC tourney 3218 (30 10)"]
[Site "Internet Chess Club"]
[Date "2023.06.17"]
[Round "2"]
[White "HO, COOPER:arsenicblast"]
[Black "Ledas, Armandas:ArmandasLedas"]
[Result "1-0"]
[ICCResult "Black checkmated"]
[WhiteElo "2212"]
[BlackElo "1561"]
[Opening "Sicilian: accelerated fianchetto, modern variation with Bc4"]
[ECO "B35"]
[NIC "SI.33"]
[Time "14:00:17"]
[PlyCount "105"]
[TimeControl "1800+10"]

1. e4 c5 2. Nf3 Nc6 3. d4 cxd4 4. Nxd4 g6 5. Nc3 Bg7 6. Be3 Nf6 7. Bc4 O-O
8. Bb3 Re8 9. f3 e6 10. Qd2 d5 11. exd5 Nxd4 12. Bxd4 exd5+ 13. Ne2 Be6 14.
O-O-O b5 15. g4 a5 16. a3 b4 17. a4 Nxg4 18. Bxg7 Nf2 19. Bd4 Nxh1 20. Qh6
f6 21. Rxh1 Rc8 22. Nf4 Bf5 23. Nxd5 Rxc2+ 24. Kd1 Be6 25. Nxf6+ Kf7 26.
Qxh7+ Kf8 27. Nd5 Rd2+ 28. Kxd2 Qg5+ 29. Ne3 Rd8 30. Qg7+ Ke8 31. Bxe6 Qf4
32. Qf7+ Qxf7 33. Bxf7+ Kxf7 34. Kd3 Rd7 35. Nc4 Ke6 36. Nxa5 g5 37. Nc4 g4
38. fxg4 b3 39. a5 Rf7 40. a6 Rf3+ 41. Ne3 Kd7 42. a7 Rf8 43. Ra1 Ra8 44.
Nc4 Kc6 45. Nb6 Rh8 46. a8=Q+ Rxa8 47. Rxa8 Kb5 48. g5 Kb4 49. g6 Kb5 50. g7
Kc6 51. g8=Q Kd6 52. Qd5+ Kc7 53. Rc8# {Black checkmated} 1-0

[Event "ICC tourney 3218 (30 10)"]
[Site "Internet Chess Club"]
[Date "2023.06.17"]
[Round "2"]
[White "JAIN, KANISHK:kanishkj"]
[Black "Feng, Jay:TheDeadlyPawn"]
[Result "0-1"]
[ICCResult "White resigns"]
[WhiteElo "1665"]
[BlackElo "1973"]
[Opening "Caro-Kann: Tartakower (Nimzovich) variation"]
[ECO "B15"]
[NIC "CK.06"]
[Time "14:00:06"]
[PlyCount "58"]
[TimeControl "1800+10"]

1. e4 c6 2. d4 d5 3. Nc3 dxe4 4. Nxe4 Nf6 5. Nxf6+ exf6 6. Nf3 Bd6 7. Bd3
O-O 8. O-O Re8 9. Be3 Nd7 10. c4 Nf8 11. h3 Be6 12. Qd2 Qd7 13. Rad1 Ng6 14.
d5 Bxh3 15. dxc6 Qg4 16. Ne1 Bxg2 17. Nxg2 Nh4 18. f4 Rxe3 19. Rf2 Nf3+ 20.
Rxf3 Rxf3 21. Bxh7+ Kxh7 22. Qxd6 bxc6 23. Qxc6 Rc8 24. Qe4+ f5 25. Qe2 Rc6
26. Rd3 Rxf4 27. Qe3 Rfxc4 28. Qf2 Rc1+ 29. Kh2 Rh6+ {White resigns} 0-1

[Event "ICC tourney 3218 (30 10)"]
[Site "Internet Chess Club"]
[Date "2023.06.17"]
[Round "2"]
[White "SKARIAH, ANUSHKA ELIZABETH:kskariah"]
[Black "JIMENEZ, LUIS A:eltuna"]
[Result "0-1"]
[ICCResult "White checkmated"]
[WhiteElo "1596"]
[BlackElo "1857"]
[Opening "Sicilian: Pelikan (Lasker/Sveshnikov) variation"]
[ECO "B33"]
[NIC "SI.35"]
[Time "14:00:04"]
[PlyCount "100"]
[TimeControl "1800+10"]

1. e4 c5 2. Nf3 Nc6 3. d4 cxd4 4. Nxd4 Nf6 5. Nc3 e5 6. Ndb5 d6 7. Be3 a6 8.
Na3 Rb8 9. Nd5 Nxd5 10. Qxd5 Be6 11. Qd2 d5 12. exd5 Qxd5 13. Qxd5 Bxd5 14.
Nc4 Be7 15. O-O-O Be6 16. Be2 O-O 17. Kb1 b5 18. Nb6 Rfd8 19. c3 f5 20. f3
Na5 21. Rxd8+ Bxd8 22. b4 Nc6 23. Nd7 Bxd7 24. Rd1 Be6 25. Rd6 Nxb4 26. cxb4
Bc4 27. Bd1 a5 28. bxa5 Bxa5 29. Bb3 Rd8 30. Rxd8+ Bxd8 31. Kc2 Ba5 32. Bd2
Bxb3+ 33. axb3 Bxd2 34. Kxd2 Kf7 35. Kc3 Ke6 36. Kb4 e4 37. fxe4 fxe4 38.
Kc3 Kd5 39. g3 b4+ 40. Kd2 Kd4 41. h3 g6 42. g4 g5 43. Ke2 e3 44. Ke1 Kd3
45. Kd1 e2+ 46. Ke1 Ke3 47. h4 gxh4 48. g5 h3 49. g6 h2 50. g7 h1=Q#
{White checkmated}
0-1

[Event "ICC tourney 3218 (30 10)"]
[Site "Internet Chess Club"]
[Date "2023.06.17"]
[Round "2"]
[White "POWER, SEAN K:KnightHopper"]
[Black "JIANG, ANDREW:andrewjiang2"]
[Result "0-1"]
[ICCResult "White resigns"]
[WhiteElo "1944"]
[BlackElo "2286"]
[Opening "Scotch game"]
[ECO "C45"]
[NIC "SO.05"]
[Time "14:00:15"]
[PlyCount "66"]
[TimeControl "1800+10"]

1. e4 e5 2. Nf3 Nc6 3. d4 exd4 4. Nxd4 Bc5 5. Be3 Qf6 6. c3 Nge7 7. Bc4 Qg6
8. O-O Ne5 9. Be2 d5 10. Bh5 Qxe4 11. Nd2 Qh4 12. N4f3 Qxh5 13. Bxc5 N5c6
14. Re1 Be6 15. Qb3 d4 16. Qa3 dxc3 17. bxc3 Ng6 18. Nd4 Nxd4 19. cxd4 Qd5
20. Ne4 b6 21. Nc3 Qc4 22. Bb4 a5 23. Qa4+ c6 24. Rab1 Ra6 25. Ba3 Kd8 26.
Rxe6 Qxe6 27. d5 cxd5 28. Qb5 Ra7 29. Nxd5 Rb7 30. Rd1 Kc8 31. Qa6 Kb8 32.
Nf4 Qc6 33. Bb4 axb4 {White resigns} 0-1

[Event "ICC tourney 3218 (30 10)"]
[Site "Internet Chess Club"]
[Date "2023.06.17"]
[Round "2"]
[White "LU, JOSHUA:qingjoshua"]
[Black "JIANG, BRANDON:BranKing"]
[Result "1/2-1/2"]
[ICCResult "Game drawn by repetition"]
[WhiteElo "2095"]
[BlackElo "2204"]
[Opening "English: Anglo-Dutch defense"]
[ECO "A10"]
[NIC "HD.14"]
[Time "14:00:04"]
[PlyCount "94"]
[TimeControl "1800+10"]

1. c4 f5 2. Nc3 Nf6 3. g3 d6 4. d4 g6 5. Bg2 Bg7 6. e3 O-O 7. Nge2 e5 8. O-O
c6 9. d5 c5 10. e4 Nh5 11. Bf3 f4 12. Bxh5 gxh5 13. gxf4 Bh3 14. f5 Bxf1 15.
Qxf1 h4 16. Qg2 Kh8 17. Kh1 Rg8 18. Qh3 Qf6 19. Nb5 Na6 20. a3 Bh6 21. Be3
Rg7 22. Rg1 Rxg1+ 23. Nxg1 Bxe3 24. fxe3 Qh6 25. Kg2 Rg8+ 26. Kf2 Nb8 27.
Nf3 Nd7 28. Qxh4 Qg7 29. Qg3 Qe7 30. Qh4 Nf6 31. Nc3 Rg4 32. Qh3 Nxe4+ 33.
Nxe4 Rxe4 34. Qh6 Rxc4 35. f6 Rc2+ 36. Kg3 Qf7 37. Ng5 Qg6 38. Qf8+ Qg8 39.
Qh6 Qg6 40. Qf8+ Qg8 41. Qh6 Qg6 42. Qf8+ Qg8 43. Qh6 Qg6 44. Qf8+ Qg8 45.
Qh6 Qg6 46. Qf8+ Qg8 47. Qh6 Qg6 {Game drawn by repetition} 1/2-1/2

[Event "ICC tourney 3218 (30 10)"]
[Site "Internet Chess Club"]
[Date "2023.06.17"]
[Round "2"]
[White "MENON, ROHAN Dileep:KIDFIRE"]
[Black "LIANG, YU-CHENG:Yucheng"]
[Result "0-1"]
[ICCResult "White resigns"]
[WhiteElo "1512"]
[BlackElo "2197"]
[Opening "Queen's Indian: Miles variation"]
[ECO "A46"]
[NIC "QP.05"]
[Time "14:00:08"]
[PlyCount "122"]
[TimeControl "1800+10"]

1. d4 Nf6 2. Nf3 e6 3. Bf4 b6 4. c4 Bb7 5. e3 Be7 6. Nc3 O-O 7. Be2 d5 8.
O-O Nbd7 9. b3 c5 10. Nb5 Ne4 11. Qc2 a6 12. Nc7 Ra7 13. cxd5 exd5 14. dxc5
bxc5 15. Rad1 Ndf6 16. Bc4 Bc6 17. Nxd5 Bxd5 18. Bxd5 Nxd5 19. Qxe4 Nc3 20.
Rxd8 Nxe4 21. Rxf8+ Kxf8 22. Rc1 Rd7 23. a4 Rb7 24. Rb1 Nc3 25. Ra1 Rxb3 26.
h3 Rb4 27. a5 Ne2+ 28. Kf1 Nxf4 29. exf4 Rxf4 30. Ne5 Re4 31. Nd7+ Ke8 32.
Nb6 Rd4 33. Re1 Kd8 34. Rc1 Kc7 35. Re1 Bf6 36. Re8 Rd8 37. Re4 Kc6 38. Ke2
Kb5 39. Ra4 Rd4 40. Ra3 Bd8 41. Rf3 Kxa5 42. Nc8 Rd7 43. Rb3 c4 44. Ra3+ Kb5
45. Ra1 c3 46. Rb1+ Kc5 47. Ra1 Rc7 48. Rc1 Bf6 49. Nd6 Kxd6 50. Kd3 c2 51.
Rxc2 Rxc2 52. Kxc2 Bd4 53. f3 Ke5 54. Kb3 Kf4 55. Kc4 Bf2 56. Kb4 Kg3 57.
Ka5 Kxg2 58. Kxa6 Kxf3 59. Kb7 Ke4 60. Kc6 f5 61. Kd6 f4 {White resigns} 0-1

[Event "ICC tourney 3218 (30 10)"]
[Site "Internet Chess Club"]
[Date "2023.06.17"]
[Round "2"]
[White "Pendse, Vihaan:awakeprize"]
[Black "Cheng, Samuel:Samuel1001"]
[Result "1/2-1/2"]
[ICCResult "Black stalemated"]
[WhiteElo "2007"]
[BlackElo "1750"]
[Opening "Réti opening"]
[ECO "A05"]
[NIC "QP.11"]
[Time "14:00:06"]
[PlyCount "111"]
[TimeControl "1800+10"]

1. Nf3 Nf6 2. e3 d5 3. c4 c6 4. b3 g6 5. Bb2 Bg7 6. d4 O-O 7. Bd3 dxc4 8.
bxc4 Bg4 9. Nbd2 h6 10. O-O Nbd7 11. h3 Bxf3 12. Nxf3 Nb6 13. a4 a5 14. Qb3
Qc7 15. Ne5 Nfd7 16. c5 Nd5 17. Nxg6 fxg6 18. e4 e6 19. exd5 exd5 20. Bxg6
Rf6 21. Bc2 Rf4 22. Qg3 Rc8 23. Rad1 Kh8 24. Rfe1 Nxc5 25. Qg6 Ne4 26. Bxe4
dxe4 27. Rxe4 Rcf8 28. f3 R4f6 29. Qg4 Qb6 30. Rb1 Qb3 31. d5 cxd5 32. Qxg7+
Kxg7 33. Bxf6+ Kxf6 34. Rxb3 dxe4 35. fxe4 Ke5 36. Rxb7 Kxe4 37. Rb5 Rf5 38.
Rxf5 Kxf5 39. Kf2 Kf4 40. g4 Ke4 41. Kg3 Ke5 42. h4 Ke4 43. g5 hxg5 44. hxg5
Kf5 45. Kh4 Kg6 46. Kg4 Kg7 47. Kf5 Kf7 48. Ke5 Kg6 49. Kd6 Kxg5 50. Kc7 Kf6
51. Kb6 Ke7 52. Kxa5 Kd7 53. Kb6 Kc8 54. a5 Kb8 55. a6 Ka8 56. a7
{Black stalemated}
1/2-1/2

[Event "ICC tourney 3218 (30 10)"]
[Site "Internet Chess Club"]
[Date "2023.06.17"]
[Round "3"]
[White "MARKOVIC, GORAN:Goran21"]
[Black "MENON, ROHAN Dileep:KIDFIRE"]
[Result "1-0"]
[ICCResult "Black checkmated"]
[WhiteElo "2049"]
[BlackElo "1512"]
[Opening "Caro-Kann: two knights variation"]
[ECO "B11"]
[NIC "CK.01"]
[Time "16:00:15"]
[PlyCount "103"]
[TimeControl "1800+10"]

1. e4 c6 2. Nc3 d5 3. Nf3 dxe4 4. Nxe4 Nf6 5. Nxf6+ exf6 6. Be2 Bd6 7. O-O
O-O 8. h3 Bf5 9. d4 Nd7 10. c4 b6 11. Be3 c5 12. d5 Ne5 13. Nxe5 Bxe5 14.
Qd2 Qd6 15. f4 Bd4 16. Bxd4 cxd4 17. Qxd4 Rfe8 18. Bf3 Rac8 19. Rae1 Red8
20. b3 Qa3 21. Re2 a6 22. Rfe1 b5 23. c5 h6 24. b4 a5 25. bxa5 Qxa5 26. d6
b4 27. c6 Be6 28. d7 Rb8 29. Qd6 Qb6+ 30. Kh1 Rxd7 31. Qxd7 Bxd7 32. cxd7
Kh7 33. Re8 Rd8 34. Bg4 Qf2 35. R1e2 Qf1+ 36. Kh2 Qxf4+ 37. g3 Qc7 38. Rxd8
Qxd8 39. Re8 Qb6 40. Bf3 Qf2+ 41. Bg2 Qxa2 42. d8=Q b3 43. Rh8+ Kg6 44. Qd3+
f5 45. g4 Kf6 46. Qxf5+ Ke7 47. Qe5+ Kd7 48. Qd5+ Ke7 49. Rb8 Qf2 50. Rb7+
Ke8 51. Qd7+ Kf8 52. Qd8# {Black checkmated} 1-0